 Dungeon Crawl Stone Soup version 0.20-a0-945-g3bf614a (webtiles) character file.

67 Alarkh the Insei (level 4, 10/33 HPs)
             Began as a Demonspawn Transmuter on Apr 1, 2017.
             Got out of the dungeon alive.
             The game lasted 00:01:51 (1869 turns).

Alarkh the Insei (Demonspawn Transmuter)            Turns: 1869, Time: 00:01:52

Health: 10/33      AC:  5    Str: 10    XL:     4   Next: 0%
Magic:  7/7        EV: 12    Int: 15    God:
Gold:   158        SH:  0    Dex: 14    Spells: 6/7 levels left

rFire    . . .     SeeInvis .     - Unarmed
rCold    . . .     Gourm    .   (no shield)
rNeg     . . .     Faith    .   b - +0 robe
rPois    .         Spirit   .   i - +0 helmet
rElec    .         Reflect  .   (no cloak)
rCorr    .         Harm     .   (no gloves)
MR       .....                  (no boots)
Stlth    +.........             (no amulet)
Regen    0.2/turn               (no ring)
MPRegen  0.1/turn               (no ring)

@: no status effects
A: claws 1, icy blue scales 1
a: no special abilities


You escaped.
You were hungry.

You visited 1 branch of the dungeon, and saw 2 of its levels.

You collected 158 gold pieces.

Inventory:

Missiles
 a - 32 arrows
Armour
 b - a +0 robe (worn)
 i - a +0 helmet (worn)
Scrolls
 e - a scroll of noise {unknown}
 h - 4 scrolls of teleportation {unknown}
 j - 2 scrolls of remove curse {unknown}
 k - a scroll of enchant weapon {unknown}
Books
 c - a book of Changes

   Spells                             Type                      Level
   a - Beastly Appendage              Transmutation                1
   b - Sticks to Snakes               Transmutation                2
   c - Spider Form                    Transmutation/Poison         3
   d - Ice Form                       Ice/Transmutation            4
   e - Blade Hands                    Transmutation                5
Comestibles
 d - a bread ration
 g - 2 meat rations


   Skills:
 + Level 1.7 Fighting
 + Level 1.9 Dodging
 * Level 4.1 Unarmed Combat
 - Level 2.0 Spellcasting
 - Level 1.7 Transmutations


You had 6 spell levels left.
You knew the following spells:

 Your Spells              Type           Power        Failure   Level  Hunger
a - Beastly Appendage     Tmut           #.....       12%         1    #......


Dungeon Overview and Level Annotations

Branches:
Dungeon (2/15)

Altars:
Trog


Innate Abilities, Weirdness & Mutations

You have sharp fingernails.
You are partially covered in icy blue scales. (AC +2)


Message History

You feel sick.
All of the chunks of flesh in your inventory have rotted away.
You feel sick.
Your talons disappear.
You feel sick.
You feel sick.
Magic restored.
You feel sick.
You are feeling hungry.
(D) Dungeon
Where to? (Enter - D:1 @ (x,y), ? - help)
You see here 15 stones.
You feel sick.
You feel sick.
There is an open gate here.
You feel sick.
You are no longer poisoned.
There is a staircase leading out of the dungeon here.
Are you sure you want to leave the Dungeon?
This will make you lose the game!
You have escaped!

#.....# ###...............#
#.....###...####..........#
#.....#...###..#..........#
###.......###....#..).......#
..#.....###......#..........#
#.....###........#..........#
#######..........#..........#
##.'.............#.....†....#
...'............@#.....>....#
...'.............#..........#
..#####..........#......(...#
......###........#..........#
..(##.(.###......#..........##
##.####...###....#.########..#
##.....##...###..#.# ##.##
.....#.####.# ####.# ♣.≈♣
.......# #.###....# ♣≈♣♣


There were no monsters in sight!

Vanquished Creatures
  3 adders
  An ooze (D:2)
  A dart slug (D:1)
  2 giant cockroaches
  5 goblins
  6 hobgoblins (D:1)
  4 jackals (D:1)
  2 kobolds (D:1)
  A ball python (D:1)
  3 bats (D:1)
  5 rats
  A fungus (D:1)
34 creatures vanquished.

Notes
Turn   | Place    | Note
-------+----------+-------------------------------------------
     0 | D:1      | Alarkh the Demonspawn Transmuter began the quest for the Orb.
     0 | D:1      | Reached XP level 1. HP: 15/15 MP: 3/3
   233 | D:1      | Reached skill level 3 in Unarmed Combat
   330 | D:1      | Gained mutation: You have sharp fingernails. [demonic ancestry]
   330 | D:1      | Reached XP level 2. HP: 7/21 MP: 3/5
  1187 | D:1      | Reached XP level 3. HP: 26/26 MP: 6/6
  1478 | D:2      | Found a faded altar of an unknown god.
  1541 | D:2      | Reached skill level 4 in Unarmed Combat
  1586 | D:2      | Became a worshipper of Trog the Wrathful
  1586 | D:2      | Reached * piety under Trog
  1587 | D:2      | Fell from the grace of Trog
  1825 | D:1      | Gained mutation: You are partially covered in icy blue scales. (AC +2) [demonic ancestry]
  1825 | D:1      | Reached XP level 4. HP: 20/33 MP: 5/7
  1869 | D:$      | Got out of the dungeon alive.

Vault maps used:
D:1:      lemuel_arrival_funnel, serial_bayou, serial_bayou_shore_b,
          serial_bayou_crossing, serial_bayou_ford_a, serial_bayou_pond_d,
          minmay_gold_behind_fungi
D:2:      chequers_ecumenical_altar_simple_redux, uniq_robin

Skill      XL: |  1  2  3 |
---------------+----------+-----
Unarmed Combat | 3 4 |  4.1
Fighting       | |  1.7
Dodging        | |  1.9
Spellcasting   | |  2.0
Transmutations | |  1.7

Action                   |  1- 3 |  4- 6 || total
-------------------------+-------+-------++-------
Melee: Unarmed           |   130 |       ||   130
       Kick              |     8 |       ||     8
       Headbutt          |     1 |       ||     1
       Punch             |     2 |       ||     2
 Cast: Beastly Appendage |    18 |       ||    18
Invok: Renounce Religion |     1 |       ||     1
  Use: Potion            |     1 |       ||     1
 Stab: Distracted        |     1 |       ||     1
       Sleeping          |     1 |       ||     1
  Eat: Chunk             |     3 |       ||     3
Armor: Robe              |    39 |       ||    39
Dodge: Dodged            |    91 |       ||    91
